 Dungeon Sprint DCSS version 0.31-a0-851-g7ff8af7976 (webtiles) character file.

Game seed: 5988696149180344855

1224 sircluck the Cleaver (level 8, -11/82 HPs)
             Began as a Hill Orc Fighter on Oct 6, 2023.
             Was a Follower of Fedhas.
             Mangled by Sonja
             ... wielding a +1 dagger of distortion
              (12 damage)
             ... in the Dungeon (Sprint I: "Red Sonja").
             The game lasted 00:04:02 (908 turns).

sircluck the Cleaver (Hill Orc Fighter)              Turns: 908, Time: 00:04:03

Health: -11/82     AC:  8    Str: 21    XL:     8   Next: 47%
Magic:  8/8        EV:  9    Int:  8    God:    Fedhas [*.....]
Gold:   413        SH:  6    Dex: 10    Spells: 7/7 levels left

rFire   . . .        a - +0 war axe
rCold   . . .        c - +0 buckler
rNeg    . . .        b - +0 scale mail
rPois   .            (no helmet)
rElec   .            (no cloak)
rCorr   .            (no gloves)
SInv    .            (no boots)
Will    .....        (no amulet) Stlth
                     (no ring)
HPRegen 0.33/turn    (no ring)
MPRegen 0.11/turn

%: no teleportation
@: on berserk cooldown, slowed, very slow
A: no striking features
a: Renounce Religion


You were in the Dungeon.
You worshipped Fedhas.
Fedhas was aware of your devotion.
You visited 1 branch You collected 413 gold pieces.

Inventory:

Hand Weapons
 a - a +0 war axe (weapon)
Armour
 b - a +0 scale mail (worn)
 c - a +0 buckler (worn)
Wands
 k - a wand of flame (22)
Scrolls
 j - a scroll of blinking
Potions
 d - a potion of might
 e - a potion of curing
 g - a potion of haste
 h - 2 potions of magic


   Skills:
 + Level 11.5 Fighting
 + Level 12.2 Axes
 + Level 10.6 Armour
 + Level 10.6 Shields


You had 7 spell levels left.
You didn't know any spells.
Your spell library was empty.

Dungeon Overview and Level Annotations

Branches:
Dungeon (1/1)

Altars:
Cheibriados
Dithmenos
Elyvilon
Fedhas
Gozag
Hepliaklqana
Kikubaaqudgha
Makhleb
Nemelex Xobeh
Okawaru
Qazlal
Ru
Sif Muna
Trog
Uskayaw
Vehumet
Wu Jian
Xom
Yredelemnul
Zin
The Shining One
Jiyva
Lugonu

Shops:
D !

Annotations:
D Sonja


Message History

You feel sick.
Sonja casts a spell.
Sonja blinks!
You completely miss Sonja.
You feel sick.
Sonja hits you with a +1 dagger of distortion.
Space warps around you. Sonja hits you but does no damage.
Space warps horribly around you!!
Sonja hits you with a +1 dagger of distortion.
Sonja casts a spell.
Sonja blinks!
Unknown command.
You completely miss Sonja.
You feel sick. You block Sonja's attack. Sonja hits you but does no damage.
Space warps around you. Sonja hits you but does no damage.
Sonja hits you with a +1 dagger of distortion.
Sonja barely misses you.
Sonja hits you with a +1 dagger of distortion.
You completely miss Sonja.
You feel sick. Sonja completely misses you. Sonja hits you but does no damage.
Sonja hits you with a +1 dagger of distortion. x2
* * * LOW HITPOINT WARNING * * *
Space warps horribly around you!
* * * LOW HITPOINT WARNING * * *
You block Sonja's attack. Sonja closely misses you.
You feel much better.
You feel sick.
You are no longer poisoned.
Sonja hits you with a +1 dagger of distortion.
Space warps horribly around you!
* * * LOW HITPOINT WARNING * * *
Sonja hits you but does no damage.
Sonja hits you with a +1 dagger of distortion.
* * * LOW HITPOINT WARNING * * *
Space warps horribly around you!
* * * LOW HITPOINT WARNING * * *
You block Sonja's attack.
Sonja hits you with a +1 dagger of distortion.
* * * LOW HITPOINT WARNING * * *
Space warps horribly around you!
You die...
Fedhas appreciates your contribution to the ecosystem.

#..#####'#####'#__####...+
#..####..#...#)#### #####
#..#__####..##.#
#.)#_____##'#_.+
#⌠⌠#_.∩...'..._#
####_..__##_.#'#
#_____###'#.#
#########.###


+$@$+ #$.K# ##.## #+# You could see Sonja.

Vanquished Creatures
  2 kobold demonologists (D)
  A slime creature (D)
  Sigmund (D)
  A yak (D)
  A floating eye (D)
  An ogre (D)
  A jelly (D)
  Ijyb (D)
9 creatures vanquished.

Notes
Turn   | Place    | Note
-------+----------+-------------------------------------------
     0 | D        | sircluck the Hill Orc Fighter began the quest for the Orb.
     0 | D        | Reached XP level 1. HP: 19/19 MP: 1/1
     2 | D        | Noticed Ijyb
    11 | D        | Killed Ijyb
    12 | D        | Reached skill level 5 in Fighting
    12 | D        | Reached skill level 4 in Axes
    12 | D        | Reached XP level 2. HP: 6/29 MP: 2/2
    12 | D        | Reached XP level 3. HP: 8/36 MP: 3/3
   119 | D        | Noticed an ogre
   132 | D        | Killed an ogre
   133 | D        | Reached skill level 6 in Axes
   133 | D        | Reached XP level 4. HP: 13/45 MP: 4/4
   265 | D        | Noticed Sigmund
   283 | D        | Killed Sigmund
   284 | D        | Reached skill level 8 in Axes
   284 | D        | Reached XP level 5. HP: 26/53 MP: 5/5
   284 | D        | Reached XP level 6. HP: 30/61 MP: 6/6
   396 | D        | Found an ornate altar of the Wu Jian Council.
   396 | D        | Found a shimmering blue altar of Sif Muna.
   398 | D        | Found a radiant altar of Vehumet.
   432 | D        | Found Xoeth's Distillery.
   432 | D        | Found an ancient bone altar of Kikubaaqudgha.
   432 | D        | Found a hazy altar of Hepliaklqana.
   432 | D        | Found a stormy altar of Qazlal.
   432 | D        | Found a hide-covered altar of Uskayaw.
   432 | D        | Found a blossoming altar of Fedhas.
   432 | D        | Found a bloodstained altar of Trog.
   432 | D        | Found an iron altar of Okawaru.
   432 | D        | Found a basalt altar of Yredelemnul.
   432 | D        | Found a glowing golden altar of the Shining One.
   432 | D        | Found a snail-covered altar of Cheibriados.
   432 | D        | Found a sacrificial altar of Ru.
   432 | D        | Found a glowing silver altar of Zin.
   432 | D        | Found a shadowy altar of Dithmenos.
   432 | D        | Found a white marble altar of Elyvilon.
   432 | D        | Noticed a yak
   440 | D        | Killed a yak
   441 | D        | Reached skill level 9 in Axes
   441 | D        | Reached XP level 7. HP: 38/70 MP: 7/7
   543 | D        | Found an opulent altar of Gozag.
   544 | D        | Found a sparkling altar of Nemelex Xobeh.
   550 | D        | Became a worshipper of Fedhas Madash
   564 | D        | Found a burning altar of Makhleb.
   564 | D        | Found a viscous altar of Jiyva.
   564 | D        | Found a shimmering altar of Xom.
   564 | D        | Found a corrupted altar of Lugonu.
   564 | D        | Noticed a slime creature
   573 | D        | Killed a slime creature
   574 | D        | Reached skill level 10 in Fighting
   574 | D        | Reached skill level 10 in Axes
   653 | D        | Noticed a kobold demonologist
   653 | D        | Noticed a kobold demonologist
   658 | D        | Paralysed by a floating eye for 4 turns
   659 | D        | Noticed a hellwing
   669 | D        | Noticed a rust devil
   671 | D        | Killed a kobold demonologist
   671 | D        | Reached * piety under Fedhas
   672 | D        | Reached skill level 11 in Axes
   672 | D        | Reached skill level 10 in Armour
   672 | D        | Reached skill level 10 in Shields
   672 | D        | Reached XP level 8. HP: 39/82 MP: 8/8
   675 | D        | Killed a kobold demonologist
   676 | D        | Reached skill level 12 in Axes
   900 | D        | Noticed Sonja
   908 | D        | HP: 1/82 [Sonja/+1 dagger of distortion (4)]
   908 | D        | Mangled by Sonja

Illustrated notes

Levels and vault maps discovered:
D:        dungeon_sprint_1 [red_sonja_temple_1, red_sonja_temple_small_1]

Skill      XL: |  1  2  3  4  5  6  7  8 |
---------------+-------------------------+-----
Fighting       | 5 6 8 9 11 | 11.5
Axes           | 4 6 8 9 11 12 | 12.2
Armour         | 4 6 7 8 10 | 10.6
Shields        | 4 6 7 8 10 | 10.6

Action                     |  1- 3 |  4- 6 |  7- 9 || total
---------------------------+-------+-------+-------++-------
  Melee: War axe           |    12 |    28 |    29 ||    69
  Evoke: Wand              |     2 |     1 |       ||     3
    Use: Potion            |       |       |     2 ||     2
 Armour: Scale mail        |     8 |    17 |    39 ||    64
  Dodge: Dodged            |     4 |     8 |    12 ||    24
  Block: Buckler           |     2 |     1 |    10 ||    13

Table legend: (Time is in decaauts)
 A = Elapsed time spent in this place.
 B = Non-inter-level travel time spent in this place.
 C = Inter-level travel time spent in this place.
 D = Time resting spent in this place.
 E = Time spent auto-exploring this place.
 F = Levels seen in this place.
 G = Mean time per level.
                   A        B        C        D        E       F      G
               +--------+--------+--------+--------+--------+-----+--------+
         Total |    917 |    917 |      0 |    572 |    131 |   1 |  917.0 |
       Dungeon |    917 |    917 |      0 |    572 |    131 |   1 |  917.0 |
               +--------+--------+--------+--------+--------+-----+--------+

Top non-repeatable levels by time:
       D: 917 daAuts
